 Dungeon Crawl Stone Soup version 0.24.0-41-g2ae2f7f1be (webtiles) character file.

Game seed: 16660288856080628558, levelgen mode: deterministic

604 Kobolds4U the Sneak (level 7, -12/43 HPs)
             Began as a Deep Elf Conjurer on Dec 12, 2019.
             Mangled by Menkaure (15 damage)
             ... on level 4 of the Dungeon.
             The game lasted 00:12:44 (5107 turns).

Kobolds4U the Sneak (Deep Elf Conjurer)             Turns: 5107, Time: 00:12:45

Health: -12/43     AC:  5    Str:  7    XL:     7   Next: 18%
Magic:  1/16       EV: 13    Int: 20    God:
Gold:   121        SH:  0    Dex: 15    Spells: 9/15 levels left

rFire    . . .     SeeInvis .   l - +0 dagger
rCold    . . .     Gourm    .   (no shield)
rNeg     . . .     Faith    .   a - +0 robe
rPois    +         Spirit   .   h - +2 helmet
rElec    .         Reflect  .   (no cloak)
rCorr    .         Harm     .   (no gloves)
MR       .....                  (no boots)
Stlth    +++.......             (no amulet)
HPRegen  0.14/turn              e - ring of poison resistance
MPRegen  0.15/turn              (no ring)

@: no status effects
A: no striking features
a: no special abilities


You were on level 4 of the Dungeon.
You were not hungry.

You visited 1 branch of the dungeon, and saw 4 of its levels.

You collected 121 gold pieces.

Inventory:

Hand Weapons
 l - a +0 dagger (weapon)
 n - a +0 short sword
Missiles
 u - 5 boomerangs (quivered)
Armour
 a - a +0 robe (worn)
 h - a +2 helmet (worn)
 t - a +0 leather armour
Jewellery
 e - a ring of poison resistance (left hand)
Wands
 s - a wand of flame (14)
Scrolls
 d - a scroll of fog {unknown}
 f - 4 scrolls of identify {unknown}
 i - a scroll of noise {unknown}
 m - 3 scrolls of enchant weapon {unknown}
 o - a scroll of immolation {unknown}
 p - a scroll of teleportation {unknown}
 r - 3 scrolls of remove curse {unknown}
 v - a scroll of amnesia {unknown}
Potions
 b - 2 potions of degeneration {unknown}
 g - 2 potions of brilliance {unknown}
 j - 2 potions of berserk rage {unknown}
 k - 2 potions of resistance {unknown}
 q - a potion of magic {unknown}
Comestibles
 c - 11 rations


   Skills:
 - Level 4.0 Fighting
 - Level 2.4 Dodging
 + Level 6.9 Stealth
 + Level 4.8 Spellcasting
 - Level 4.3 Conjurations


You had 9 spell levels left.
You knew the following spells:

 Your Spells              Type           Power        Failure   Level  Hunger
a - Magic Dart            Conj           ###.         1%          1    None
b - Searing Ray           Conj           ###...       3%          2    #......
c - Dazzling Spray        Conj/Hex       ##....       14%         3    ##.....

Your spell library contained the following spells:

 Spells                   Type           Power        Failure   Level  Hunger
 Iskenderun's Mystic Bla  Conj           ###.....     19%         4    ####...
 Force Lance              Conj/Tloc      ##......     43%         4    ####...
 Fulminant Prism          Conj/Hex       ##........   43%         4    ####...


Dungeon Overview and Level Annotations

Branches:
Dungeon (4/15)
 Temple: D:4-7

Altars:
Nemelex Xobeh

Annotations:
D:2 1 runed translucent door, Crazy Yiuf
D:4 1 runed translucent door, Menkaure


Message History

Casting: Dazzling Spray (safe; 14% risk of failure)
Confirm with . or Enter, or press ? or * to list all spells.
Aiming: Dazzling Spray (safe; 14% risk of failure)
Press: ? - help, Shift-Dir - straight line, f/p - Menkaure
Aim: Menkaure (heavily damaged, fast)
The spray of energy hits Menkaure!
Menkaure is severely damaged.
Menkaure closely misses you.
Casting: Dazzling Spray (safe; 14% risk of failure)
Confirm with . or Enter, or press ? or * to list all spells.
You don't have enough magic to cast that spell.
Casting: Dazzling Spray (safe; 14% risk of failure)
Confirm with . or Enter, or press ? or * to list all spells.
Aiming: Magic Dart (safe; 1% risk of failure)
Press: ? - help, Shift-Dir - straight line, f/p - Menkaure
Aim: Menkaure (severely damaged, fast)
The magic dart hits Menkaure.
Menkaure is almost destroyed.
Menkaure hits you!
You die...

## #####.## #.## # #.#
#.# # #.# #.# # ##+# #.#
# ##.$.## #.# # ##.....##
##.# ## ##>......## ##..#
.####.........####...##
....+.........'M@.....#
.####.........####...####
## ##.......## #....<.# #
##.....## #.#.##.# #
##...## #.#.##.# # ##+#
#.#.##.# #.# #.#.##.#
######.## #.#.##.#
#.......# #......#


You could see Menkaure.

Vanquished Creatures
  Grinder (D:4)
  An ogre (D:4)
  A scorpion (D:4)
  Natasha (twice) (D:4)
  A worker ant (D:4)
  An orc wizard (D:3)
  A gnoll (D:1)
  7 adders
  An ooze (D:4)
  3 worms
  A dart slug (D:2)
  2 leopard geckos (D:2)
  10 orcs (D:3)
  6 bats
  6 giant cockroaches
  6 goblins
  7 hobgoblins
  6 jackals (D:1)
  5 kobolds
  A quokka (D:4)
  2 ball pythons
  9 frilled lizards
  4 rats
84 creatures vanquished.

Notes
Turn   | Place    | Note
-------+----------+-------------------------------------------
     0 | D:1      | Kobolds4U the Deep Elf Conjurer began the quest for the
                  | Orb.
     0 | D:1      | Reached XP level 1. HP: 10/10 MP: 6/6
   195 | D:1      | Reached skill level 3 in Stealth
   354 | D:1      | Reached skill level 4 in Stealth
   354 | D:1      | Reached XP level 2. HP: 5/15 MP: 0/8
   358 | D:1      | Learned a level 2 spell: Searing Ray
  1060 | D:1      | Reached XP level 3. HP: 15/20 MP: 0/9
  1209 | D:2      | Reached skill level 1 in Fighting
  2062 | D:2      | Found a runed translucent door.
  2063 | D:2      | Noticed Crazy Yiuf
  2305 | D:2      | Reached XP level 4. HP: 26/26 MP: 10/10
  2461 | D:2      | Learned a level 3 spell: Dazzling Spray
  2733 | D:3      | Reached skill level 5 in Stealth
  3262 | D:3      | Reached XP level 5. HP: 31/31 MP: 2/11
  3528 | D:4      | Found a runed translucent door.
  3676 | D:4      | Noticed an ogre
  3707 | D:4      | Killed an ogre
  3982 | D:4      | Noticed Menkaure
  4011 | D:4      | Found a sparkling altar of Nemelex Xobeh.
  4121 | D:4      | Noticed Natasha
  4135 | D:4      | Killed Natasha
  4135 | D:4      | Reached XP level 6. HP: 27/37 MP: 8/12
  4318 | D:4      | Noticed Natasha
  4322 | D:4      | Killed Natasha
  4322 | D:4      | Reached skill level 6 in Stealth
  4723 | D:4      | Noticed Grinder
  4723 | D:4      | Paralysed by Grinder for 6 turns
  4738 | D:4      | Killed Grinder
  4738 | D:4      | Reached XP level 7. HP: 39/43 MP: 4/15
  5107 | D:4      | Mangled by Menkaure

Levels and vault maps discovered:
D:1:      dpeg_arrival_renting, layout_loops_ring
D:2:      layout_basic, first_ration, uniq_crazy_yiuf_cottage
D:3:      layout_basic
D:4:      layout_loops_corners, kennysheep_mini_moat, ebering_ghost_sewer_d,
          uniq_menkaure, uniq_grinder, uniq_natasha

Skill      XL: |  1  2  3  4  5  6 |
---------------+-------------------+-----
Stealth        | 4 5 6 |  6.9
Fighting       | 1 2 3 4 |  4.0
Spellcasting   | 4 |  4.8
Dodging        | |  2.4
Conjurations   | |  4.3

Action                   |  1- 3 |  4- 6 |  7- 9 || total
-------------------------+-------+-------+-------++-------
Melee: Unarmed           |     4 |       |       ||     4
       Dagger            |     6 |    45 |     1 ||    52
       Short sword       |     4 |       |       ||     4
 Cast: Magic Dart        |    64 |    45 |     6 ||   115
       Searing Ray       |     6 |     5 |     1 ||    12
       Dazzling Spray    |       |     8 |     5 ||    13
 Stab: Sleeping          |     4 |     5 |     1 ||    10
       Invisible         |       |     4 |       ||     4
  Eat: Chunk             |     4 |     6 |     1 ||    11
       Ration            |       |     1 |       ||     1
Armor: Robe              |    13 |    15 |     1 ||    29
Dodge: Dodged            |    47 |    40 |     6 ||    93
